 Dungeon Crawl Stone Soup version 0.24.0-28-g17ded55e90 (webtiles) character file.

Game seed: 1578013359653877961, levelgen mode: deterministic

21779 Revguard the Cleaver (level 12, -7/100 HPs)
             Began as a Barachi Gladiator on Nov 11, 2019.
             Was a Priest of Cheibriados.
             Killed from afar by Frances (25 damage)
             ... with an iron shot
             ... on level 13 of the Dungeon.
             The game lasted 00:45:24 (12229 turns).

Revguard the Cleaver (Barachi Gladiator)           Turns: 12229, Time: 00:45:24

Health: -7/100     AC: 30    Str: 25    XL:     12   Next: 93%
Magic:  12/17      EV: 11    Int: 18    God:    Cheibriados [***...]
Gold:   277        SH:  0    Dex: 24    Spells: 13/15 levels left

rFire    . . .     SeeInvis .   A - +6 hand axe
rCold    . . .     Gourm    .   (no shield)
rNeg     + . .     Faith    +   h - +9 plate armour {ponderous}
rPois    .         Spirit   .   c - +1 helmet
rElec    .         Reflect  .   e - +0 cloak
rCorr    .         Harm     .   (no gloves)
MR       .....                  m - +0 pair of boots
Stlth    ..........             a - amulet of faith
HPRegen  0.26/turn              D - ring of positive energy
MPRegen  0.15/turn              (no ring)

@: very slow
A: +LOS, swims, deterioration 1, slowness 1, wild magic 1, strong legs 1
a: Hop, Bend Time, Temporal Distortion, Renounce Religion


You were on level 13 of the Dungeon.
You worshipped Cheibriados.
Cheibriados was most pleased with you.
You were not hungry.

You visited 2 branches of the dungeon, and saw 14 of its levels.

You collected 772 gold pieces.
You spent 495 gold pieces at shops.

Inventory:

Hand Weapons
 A - a +6 hand axe (weapon)
Missiles
 d - 7 throwing nets
 g - 3 boomerangs of dispersal
 l - 37 poisoned darts (quivered)
Armour
 c - a +1 helmet (worn)
 e - a +0 cloak (worn)
 h - a +9 plate armour of ponderousness (worn)
 m - a +0 pair of boots (worn)
Jewellery
 a - an amulet of faith (around neck)
 t - an uncursed ring of ice
 D - a ring of positive energy (left hand)
Wands
 w - a wand of acid (3)
Scrolls
 b - a scroll of enchant weapon
 i - a scroll of amnesia
 o - 2 scrolls of fog
 q - 3 scrolls of enchant armour
 s - 2 scrolls of teleportation
 u - 7 scrolls of remove curse
 v - 2 scrolls of magic mapping
 y - 2 scrolls of blinking
 B - a scroll of fear
 E - a scroll of vulnerability
Potions
 j - 2 potions of lignification
 p - a potion of flight
 r - 3 potions of brilliance
 x - a potion of agility
 z - 3 potions of magic
 C - 2 potions of curing
Miscellaneous
 k - a box of beasts
Comestibles
 f - 25 rations
 n - 6 chunks of flesh


   Skills:
 * Level 11.2 Fighting
 + Level 13.1 Axes
 + Level 3.7 Throwing
 + Level 12.9 Armour
 + Level 4.2 Dodging
 * Level 2.4 Spellcasting
 * Level 2.5 Charms
 * Level 7.7 Invocations
 - Level 0.3 Evocations


You had 13 spell levels left.
You knew the following spells:

 Your Spells              Type           Power        Failure   Level  Hunger
a - Song of Slaying       Chrm           ##......     67%         2    ##.....

Your spell library contained the following spells:

 Spells                   Type           Power        Failure   Level  Hunger
 Infusion                 Chrm           ##..         54%         1    #......
 Shroud of Golubria       Chrm/Tloc      #.....       85%         2    ##.....
 Corona                   Hex            #......      87%         1    #......
 Summon Butterflies       Summ           #.......     87%         1    #......
 Slow                     Hex            #.......     95%         2    ##.....
 Regeneration             Chrm/Necr      #.........   97%         3    ###....
 Spectral Weapon          Hex/Chrm       #.......     97%         3    ###....
 Call Canine Familiar     Summ           #.......     99%         3    ###....
 Inner Flame              Hex/Fire       #.......     99%         3    ###....
 Portal Projectile        Hex/Tloc       #.....       99%         3    ###....
 Cause Fear               Hex            #.........   100%        4    #####..
 Leda's Liquefaction      Hex/Erth       #.........   100%        4    #####..
 Summon Ice Beast         Ice/Summ       #.......     100%        4    #####..
 Summon Lightning Spire   Summ/Air       #.......     100%        4    #####..
 Silence                  Hex/Air        #.........   100%        5    ######.
 Summon Mana Viper        Hex/Summ       #.......     100%        5    ######.
 Conjure Ball Lightning   Conj/Air       #.........   100%        6    #######
 Deflect Missiles         Chrm/Air       #.........   100%        6    #######
 Summon Hydra             Summ           #.........   100%        7    #######
 Tornado                  Air            #.........   100%        9    #######


Dungeon Overview and Level Annotations

Branches:
Dungeon (13/15)            Temple (1/1) D:4            Lair (0/6) D:9
    Orc (0/2) D:12
 Vaults: D:13-14

Altars:
Ashenzari
Cheibriados
Dithmenos
Elyvilon
Fedhas
Gozag
Hepliaklqana
Kikubaaqudgha
Makhleb
Nemelex Xobeh
Okawaru
Qazlal
Ru
Sif Muna
Trog
Uskayaw
Vehumet
Wu Jian
Xom
Yredelemnul
Zin
The Shining One

Shops:
D:5 [   D:8 ?}(   D:10 %

Annotations:
D:12 1 runed translucent door, Dawk's ghost, journeyman GnWz
D:13 Frances


Innate Abilities, Weirdness & Mutations

Shadows flee at your approach. (+LOS)
You can swim through water.
You cover ground slowly.
You can hop short distances.
Your body sometimes deteriorates upon taking damage.
Your spells are a little harder to cast, but a little more powerful.


Message History

The acid corrodes Frances!
Frances is lightly wounded.
You can feel time thicken for a moment.
You feel somewhat more hungry.
You can no longer inflict damage on those overly hasty.
Cheibriados lowers the support of your attributes as your movement quickens.
Frances hits you with a +0 hand axe.
* * * LOW HITPOINT WARNING * * *
You slash Frances!
Frances is heavily wounded.
Frances hits you with a +0 hand axe.
* * * LOW HITPOINT WARNING * * *
You slash Frances!
Frances is severely wounded.
Frances chants phrases taken from a devil's mouth.
The shard of ice misses you.
You barely miss Frances.
Frances is severely wounded.
Frances whispers indecipherable words.
The iron shot hits you!!
You die...

..# .(## ...#
...# (..##
(...# ##...#
##@...# #.@.#
##..## ####
##..## ...###
###..##
.....###
##...##
.#).(..###...##
###.........##
##.(.....##
##....[.#


You could see Frances.

Vanquished Creatures
  Harold (D:11)
  Fannar (D:11)
  A death knight (D:11)
  3 two-headed ogres (D:11)
  2 tengu warriors (D:13)
  2 skeletal warriors (D:11)
  An unseen horror (D:12)
  The ghost of Froggeryz the Basher, a novice GrGl of Okawaru (D:8)
  A deep elf mage (D:8)
  A mana viper (shapeshifter) (D:13)
  A manticore (D:13)
  2 ugly things (D:11)
  A cyclops (D:13)
  Joseph (D:7)
  A centaur skeleton (D:11)
  2 freezing wraiths (D:11)
  A komodo dragon (D:9)
  A kobold demonologist (D:13)
  The ghost of Acheron the Grave Robber, a novice DENe (D:7)
  3 trolls
  Grinder (D:3)
  2 hippogriffs
  11 yaks
  A wyvern (D:11)
  A steam dragon (D:11)
  A wraith (D:13)
  2 hungry ghosts (D:8)
  Menkaure (D:7)
  Edmund (D:4)
  A water moccasin (D:6)
  Duvessa (D:7)
  3 orc warriors
  2 ice beasts
  4 phantoms
  5 ogres
  8 centaurs
  3 big kobolds
  A crocodile (D:11)
  6 bullfrogs
  Blork the orc (D:5)
  A wyvern zombie (D:6)
  2 wyvern skeletons
  2 scorpions
  A water moccasin skeleton (D:5)
  Dowan (D:7)
  17 killer bees
  11 wights
  A howler monkey (D:7)
  2 centaur zombies
  6 crimson imps
  3 bullfrog zombies
  A jelly (D:8)
  2 bullfrog skeletons
  6 orc priests
  7 hounds
  8 orc wizards
  3 iguanas
  Ijyb (D:3)
  14 worker ants
  A killer bee zombie (D:8)
  A hound skeleton (D:6)
  A worker ant zombie (D:8)
  9 gnolls
  16 adders
  4 shadow imps
  3 oozes
  5 worms
  A dart slug (D:1)
  5 leopard geckos
  51 orcs
  2 ball pythons
  7 giant cockroaches
  8 goblins
  9 hobgoblins
  7 jackals
  17 kobolds
  4 quokkas
  10 bats
  6 frilled lizards
  A jackal skeleton (D:6)
  A quokka zombie (D:8)
  7 rats
349 creatures vanquished.

Vanquished Creatures (collateral kills)
  An ogre (D:6)
  A wight (D:6)
2 creatures vanquished.

Vanquished Creatures (others)
  5 plants
5 creatures vanquished.

Grand Total: 356 creatures vanquished

Notes
Turn   | Place    | Note
-------+----------+-------------------------------------------
     0 | D:1      | Revguard the Barachi Gladiator began the quest for the Orb.
     0 | D:1      | Reached XP level 1. HP: 17/17 MP: 1/1
    52 | D:1      | Reached XP level 2. HP: 20/23 MP: 2/2
   277 | D:1      | Reached skill level 1 in Armour
   366 | D:1      | Reached XP level 3. HP: 26/28 MP: 3/3
   371 | D:1      | Reached skill level 4 in Axes
   821 | D:2      | Found a shimmering altar of Xom.
  1448 | D:2      | You fall into a shaft and drop 2 floors!
  1457 | D:4      | Reached XP level 4. HP: 34/34 MP: 4/4
  1458 | D:4      | Found a staircase to the Ecumenical Temple.
  1478 | Temple   | Entered the Ecumenical Temple
  1621 | Temple   | Became a worshipper of Cheibriados the Contemplative
  1746 | D:4      | Reached XP level 5. HP: 36/41 MP: 5/5
  1761 | D:4      | Found an iron altar of Okawaru.
  1769 | D:4      | Noticed a phantom
  1775 | D:4      | Reached skill level 5 in Axes
  1819 | D:4      | Killed a phantom
  1819 | D:4      | Reached XP level 6. HP: 40/47 MP: 6/6
  1847 | D:4      | Found a shattered altar of Ashenzari.
  1896 | D:4      | Reached skill level 6 in Axes
  1907 | D:4      | Found a shadowy altar of Dithmenos.
  2038 | D:4      | Reached * piety under Cheibriados
  2090 | D:4      | Noticed Edmund
  2107 | D:4      | Killed Edmund
  2107 | D:4      | Reached XP level 7. HP: 33/53 MP: 7/7
  2493 | D:4      | Found a burning altar of Makhleb.
  2496 | D:4      | Found a glowing silver altar of Zin.
  2496 | D:4      | Noticed a blizzard demon
  2496 | D:4      | Noticed an angel
  2738 | D:3      | Found a hide-covered altar of Uskayaw.
  2814 | D:3      | Reached skill level 7 in Axes
  2909 | D:3      | Noticed Grinder
  2912 | D:3      | Paralysed by Grinder for 5 turns
  2919 | D:3      | Reached ** piety under Cheibriados
  2928 | D:3      | Paralysed by Grinder for 4 turns
  2945 | D:3      | Paralysed by Grinder for 3 turns
  2949 | D:3      | Killed Grinder
  3094 | D:3      | Noticed Ijyb
  3115 | D:3      | Killed Ijyb
  3168 | D:3      | Found a bloodstained altar of Trog.
  3310 | D:2      | Found a blossoming altar of Fedhas.
  3620 | D:2      | Gained mutation: Your body sometimes deteriorates upon
                  | taking damage. [potion of mutation]
  3620 | D:2      | Gained mutation: Your spells are a little harder to cast,
                  | but a little more powerful. [potion of mutation]
  3687 | D:5      | Entered Level 5 of the Dungeon
  3693 | D:5      | Reached XP level 8. HP: 58/61 MP: 8/8
  3810 | D:5      | Reached skill level 8 in Axes
  3810 | D:5      | Reached skill level 5 in Armour
  3872 | D:5      | Found an ornate altar of the Wu Jian Council.
  3893 | D:5      | Noticed Blork the orc
  3903 | D:5      | Killed Blork the orc
  3903 | D:5      | Reached skill level 5 in Fighting
  3903 | D:5      | Reached skill level 1 in Invocations
  4142 | D:5      | Found Vopouf's Armour Emporium.
  4270 | D:6      | Found a burning altar of Makhleb.
  4334 | D:6      | Reached *** piety under Cheibriados
  4345 | D:6      | Reached XP level 9. HP: 51/68 MP: 10/10
  4367 | D:6      | Reached skill level 9 in Axes
  4836 | D:6      | Reached **** piety under Cheibriados
  5459 | D:7      | Noticed Dowan
  5467 | D:7      | Killed Dowan
  5483 | D:7      | Noticed Menkaure
  5491 | D:7      | Killed Menkaure
  5492 | D:7      | Noticed Duvessa
  5505 | D:7      | Killed Duvessa
  5505 | D:7      | Reached skill level 10 in Axes
  5515 | D:7      | Noticed Joseph
  5530 | D:7      | Killed Joseph
  5530 | D:7      | Reached XP level 10. HP: 31/77 MP: 11/13
  5833 | D:7      | Found a runed translucent door.
  5833 | D:7      | Noticed Acheron's ghost (novice DENe)
  5850 | D:7      | Killed Acheron's ghost
  6454 | D:8      | Found Orghiwel's Gadget Emporium.
  6511 | D:8      | Found a runed translucent gate.
  6511 | D:8      | Found a runed translucent gate.
  6512 | D:8      | Found a runed translucent gate.
  6512 | D:8      | Noticed Froggeryz's ghost (novice GrGl)
  6514 | D:8      | Noticed a deep elf mage
  6564 | D:8      | Found an opulent altar of Gozag.
  6564 | D:8      | Found a sparkling altar of Nemelex Xobeh.
  6713 | D:8      | Found Ixzicit's Antique Weapon Boutique.
  6733 | D:8      | Reached skill level 10 in Armour
  7226 | D:8      | Found Niurad's Magic Scroll Emporium.
  7528 | D:9      | Found a stormy altar of Qazlal.
  7683 | D:5      | Bought a +9 plate armour of ponderousness for 495 gold
                  | pieces
  7824 | D:8      | Killed a deep elf mage
  7824 | D:8      | Reached skill level 5 in Invocations
  7831 | D:8      | Reached skill level 11 in Axes
  7843 | D:8      | Killed Froggeryz's ghost
  7930 | D:9      | Reached XP level 11. HP: 24/84 MP: 14/14
  8261 | D:9      | Reached ***** piety under Cheibriados
  8593 | D:9      | Found a staircase to the Lair.
  8651 | D:10     | Entered Level 10 of the Dungeon
  8720 | D:10     | Found Uhiq's Food Boutique.
  9434 | D:11     | Noticed a two-headed ogre
  9447 | D:11     | Killed a two-headed ogre
  9453 | D:11     | Noticed a death knight
  9457 | D:11     | Noticed a skeletal warrior
  9459 | D:11     | Noticed a skeletal warrior
  9461 | D:11     | Killed a skeletal warrior
  9461 | D:11     | Reached skill level 12 in Axes
  9468 | D:11     | Killed a death knight
  9473 | D:11     | Killed a skeletal warrior
  9525 | D:11     | Noticed Harold
  9539 | D:11     | HP: 4/89 [Harold/+0 trident (12)]
  9542 | D:11     | Killed Harold
  9542 | D:11     | Reached XP level 12. HP: 10/96 MP: 10/16
  9954 | D:11     | Found a basalt altar of Yredelemnul.
 10139 | D:11     | Noticed a two-headed ogre
 10165 | D:11     | Killed a two-headed ogre
 10420 | D:11     | Reached skill level 10 in Fighting
 10427 | D:11     | Noticed Fannar
 10435 | D:11     | Killed Fannar
 10863 | D:11     | Noticed a two-headed ogre
 10875 | D:11     | Killed a two-headed ogre
 11317 | D:12     | Reached skill level 1 in Spellcasting
 11356 | D:12     | Learned a level 2 spell: Song of Slaying
 11389 | D:12     | Found a staircase to the Orcish Mines.
 11593 | D:12     | Reached skill level 1 in Charms
 11711 | D:12     | Identified the +1 trident of Puajuxt {freeze, Dex+3}
 11711 | D:12     | Identified the +2 scale mail "Ekhlan" {rC+ MR++ Dex+3}
 11711 | D:12     | Noticed a spriggan rider
 11712 | D:12     | Found a runed translucent door.
 11714 | D:12     | Noticed Dawk's ghost (journeyman GnWz)
 12008 | D:13     | Noticed a tengu warrior
 12012 | D:13     | Noticed a tengu warrior
 12020 | D:13     | Killed a tengu warrior
 12030 | D:13     | Killed a tengu warrior
 12030 | D:13     | Reached skill level 13 in Axes
 12220 | D:13     | Noticed Frances
 12229 | D:13     | Killed from afar by Frances

Levels and vault maps discovered:
D:1:      roderic_dead_forest, layout_loops_ring, serial_bayou,
          serial_bayou_pond_a, serial_bayou_pond_a, serial_bayou_pond_d,
          serial_bayou_shore_b
D:2:      layout_basic, xom_teletrap_fun, fedhas_altar_4, minmay_octomino_c4
D:3:      layout_rooms, marbit_many_paths, old_standard_altar,
          minmay_quadrilaterals, uniq_grinder, uniq_ijyb
D:4:      layout_gridville, grunt_temple_overflow_order_and_chaos_2,
          kennysheep_little_box, evilmike_ruin_ashenzari,
          minmay_temple_entry_stoned_glass,
          lightli_ossuary_entry_decrepit_ruins, grunt_decor_cap,
          okawaru_trees_1, uniq_edmund
D:5:      lemuel_upstairs_altar, layout_basic, old_standard_altar, serial_shops,
          shop, first_ration, uniq_blork_the_orc
D:6:      layout_loops_corners, basic_altar, kennysheep_generic_room_6
D:7:      layout_cave_pools, gammafunk_ghost_grave, uniq_joseph, uniq_menkaure,
          uniq_duvessa
D:8:      layout_basic, grunt_temple_overflow_opulence, gammafunk_ghost_split,
          serial_shops, nicolae_shop_overgrown_old_shop,
          nicolae_shop_behind_doors, nicolae_shop_window_shopping,
          grunt_ogre_cave, nicolae_wwwww, nrook_loot_triangle,
          grunt_decor_arrowhead
D:9:      layout_roguey, grunt_qazlal_clouds, david_lair_shrubbed
D:10:     layout_long_grid, serial_shops, kennysheep_mini
D:11:     layout_basic, basic_altar, uniq_fannar, uniq_harold
D:12:     layout_irregular_city, david_orc_2, ebering_ghost_funeral_grove
D:13:     layout_layer_cave, basic_altar, uniq_frances
Temple:   nicolae_temple_figure_zero

Skill      XL: |  1  2  3  4  5  6  7  8  9 10 11 12 |
---------------+-------------------------------------+-----
Armour         | 1 2 3 4 6 9 11 12 | 12.9
Axes           | 4 5 6 7 8 10 11 12 13 | 13.1
Fighting       | 3 4 5 6 7 9 11 | 11.2
Invocations    | 2 4 5 6 7 |  7.7
Dodging        | 4 |  4.2
Throwing       | 3 |  3.7
Spellcasting   | 2 |  2.4
Charms         | 2 |  2.5
Evocations     | |  0.3

Action                   |  1- 3 |  4- 6 |  7- 9 | 10-12 || total
-------------------------+-------+-------+-------+-------++-------
Melee: War axe           |    96 |    73 |   220 |       ||   389
       Hand axe          |       |       |   149 |   608 ||   757
Throw: Dart              |       |       |    28 |    16 ||    44
Invok: Slouch            |       |       |     1 |    16 ||    17
Evoke: Wand              |       |       |       |     5 ||     5
  Use: Scroll            |     4 |     4 |     8 |     6 ||    22
       Potion            |       |     1 |     8 |     8 ||    17
 Stab: Invisible         |       |       |       |     2 ||     2
  Eat: Chunk             |     2 |     3 |     7 |    16 ||    28
       Ration            |       |       |       |     1 ||     1
Armor: Leather armour    |    22 |       |       |       ||    22
       Scale mail        |    25 |       |       |       ||    25
       Plate armour      |       |    69 |   274 |   443 ||   786
       Skin              |       |       |     8 |       ||     8
Dodge: Dodged            |   101 |    24 |   193 |   364 ||   682
